 Dungeon Crawl Stone Soup version 0.25.1-2-g60ff931df9 (webtiles) character file.

Game seed: 10434314215972584475

308 Exodus22XD the Magician (level 6, -3/32 HPs)
             Began as a Deep Elf Wizard on Aug 10, 2020.
             Slain by Purgy (5 damage)
             ... in a sewer.
             The game lasted 00:09:58 (4183 turns).

Exodus22XD the Magician (Deep Elf Wizard)           Turns: 4183, Time: 00:09:58

Health: -3/32      AC:  3    Str:  4    XL:     6   Next: 16%
Magic:  2/14       EV: 13    Int: 25    God:
Gold:   242        SH:  0    Dex: 13    Spells: 2/13 levels left

rFire    . . .     SeeInvis .   e - -2 club (curse)
rCold    . . .     Gourm    .   (no shield)
rNeg     . . .     Faith    .   a - +0 robe
rPois    +         Spirit   .   p - +0 helmet
rElec    .         Reflect  .   (no cloak)
rCorr    .         Harm     .   (no gloves)
MR       .....                  (no boots)
Stlth    ++........             (no amulet)
HPRegen  0.10/turn              h - ring of poison resistance
MPRegen  0.14/turn              (no ring)

@: no status effects
A: no striking features
a: no special abilities


You were in a sewer.
You were not hungry.

You visited 1 branch of the dungeon, and saw 4 of its levels.
You also visited: Sewer.

You collected 242 gold pieces.

Inventory:

Hand Weapons
 e - a cursed -2 club (weapon)
 m - a +0 spear
Armour
 a - a +0 robe (worn)
 p - a +0 helmet (worn)
Jewellery
 h - a ring of poison resistance (left hand)
Scrolls
 g - a scroll of amnesia
 j - a scroll of enchant armour {unknown}
 k - a scroll of blinking {unknown}
 o - a scroll of teleportation {unknown}
 u - a scroll of magic mapping {unknown}
Potions
 b - a potion of curing {unknown}
 c - 2 potions of lignification
 i - 2 potions of might
 l - 2 potions of haste
 n - a potion of flight {unknown}
 q - a potion of heal wounds {unknown}
 r - a potion of invisibility {unknown}
 s - a potion of stabbing {unknown}
Comestibles
 d - 3 rations
 t - 5 chunks of flesh


   Skills:
 - Level 2.4 Dodging
 - Level 2.4 Stealth
 - Level 4.4 Spellcasting
 - Level 4.2 Conjurations
 - Level 4.2 Summonings
 - Level 1.1 Translocations
 + Level 3.1 Fire Magic


You had 2 spell levels left.
You knew the following spells:

 Your Spells              Type           Power        Failure   Level  Hunger
a - Magic Dart            Conj           ####         1%          1    None
b - Call Imp              Summ           ####....     2%          2    None
c - Blink                 Tloc           N/A          9%          2    None
d - Conjure Flame         Conj/Fire      ###.....     6%          3    ##.....
e - Mephitic Cloud        Conj/Pois/Air  ##......     14%         3    ##.....

Your spell library contained the following spells:

 Spells                   Type           Power        Failure   Level  Hunger
 Slow                     Hex            #.......     13%         2    None


Dungeon Overview and Level Annotations

Branches:
Dungeon (4/15)              Sewer (1/1)
 Temple: D:4-7

Altars:

Shops:
D:4 }

Annotations:
Sewer Purgy


Message History

The floor.
Okay, then.
Casting: Blink (safe; 9% risk of failure)
Confirm with . or Enter, or press ? or * to list all spells.
You blink.
As you read the scroll labeled COEFAQAURA, it crumbles to dust.
It is a scroll of identify.
c - 2 potions of lignification
As you read the scroll of identify, it crumbles to dust.
i - 2 potions of might
As you read the scroll of identify, it crumbles to dust.
l - 2 potions of haste
As you read the scroll of identify, it crumbles to dust.
g - a scroll of amnesia Purgy bites you!
* * * LOW HITPOINT WARNING * * *
Purgy closely misses you. x2
There is an open door here.
Purgy bites you.
You die...

### #?# #.#
##+##+##'##+##+##+#
........T@........######
≈≈≈≈≈≈≈≈.≈≈≈≈≈≈≈≈≈#≈≈≈≈≈≈
≈≈≈≈≈≈≈≈∩≈≈≈≈≈≈≈≈≈#≈≈≈≈≈≈
≈≈≈≈≈≈≈≈.≈≈≈≈≈≈≈≈≈#≈≈≈≈≈≈
..................#######
##+##+##.##+##+##+# #.#
#∩# ###


You could see Purgy.

Vanquished Creatures
  2 orc wizards (D:4)
  An orc priest (D:4)
  A worker ant (D:3)
  9 adders
  2 oozes
  3 worms (D:2)
  A dart slug (D:2)
  6 leopard geckos
  2 orcs
  3 bats
  4 giant cockroaches
  20 goblins
  6 hobgoblins
  4 jackals (D:1)
  6 kobolds
  5 frilled lizards
  A jackal skeleton (D:4)
  5 rats
81 creatures vanquished.

Vanquished Creatures (collateral kills)
  Robin (D:2)
  2 goblins (D:2)
  A hobgoblin (D:2)
4 creatures vanquished.

Grand Total: 85 creatures vanquished

Notes
Turn   | Place    | Note
-------+----------+-------------------------------------------
     0 | D:1      | Exodus22XD the Deep Elf Wizard began the quest for the Orb.
     0 | D:1      | Reached XP level 1. HP: 10/10 MP: 7/7
   236 | D:1      | Reached XP level 2. HP: 15/15 MP: 7/9
  1309 | D:2      | Reached XP level 3. HP: 19/19 MP: 6/10
  1616 | D:2      | Learned a level 2 spell: Call Imp
  1619 | D:2      | Learned a level 2 spell: Blink
  1623 | D:2      | Learned a level 3 spell: Conjure Flame
  1718 | D:2      | Reached XP level 4. HP: 24/24 MP: 6/12
  1915 | D:2      | Noticed Robin
  1925 | D:2      | Killed Robin
  2532 | D:2      | Reached XP level 5. HP: 28/28 MP: 9/13
  3772 | D:4      | Learned a level 3 spell: Mephitic Cloud
  3788 | D:4      | Reached skill level 1 in Fire Magic
  3819 | D:4      | Found Aratofi's Gadget Shop.
  3832 | D:4      | Reached XP level 6. HP: 32/32 MP: 3/14
  4093 | D:4      | Found a glowing drain.
  4102 | Sewer    | Entered a sewer
  4105 | Sewer    | Noticed Purgy
  4183 | Sewer    | Slain by Purgy

Illustrated notes

Levels and vault maps discovered:
D:1:      elethiomel_arrival_shortcut, layout_basic
D:2:      layout_basic, minmay_misc_feat_pillars, uniq_robin
D:3:      cheibrodos_helix_gallery, layout_loops_ring, grunt_decor_resistance
D:4:      layout_basic, gup_sewer_entry_pipe, serial_shops,
          nicolae_shop_temple_entry_statues_fountains, shop_statue, first_ration
Sewer:    kennysheep_door_sewer

Skill      XL: |  1  2  3  4  5  6 |
---------------+-------------------+-----
Conjurations   | 2 3 4 |  4.2
Summonings     | 3 4 |  4.2
Fire Magic     | 2 3 |  3.1
Dodging        | |  2.4
Stealth        | |  2.4
Spellcasting   | |  4.4
Translocations | |  1.1

Action                   |  1- 3 |  4- 6 || total
-------------------------+-------+-------++-------
Melee: Club              |       |    11 ||    11
 Cast: Magic Dart        |    72 |   139 ||   211
       Call Imp          |       |     4 ||     4
       Blink             |       |     5 ||     5
  Use: Scroll            |       |     4 ||     4
  Eat: Chunk             |     2 |     4 ||     6
       Ration            |       |     1 ||     1
Armor: Robe              |     1 |     9 ||    10
Dodge: Dodged            |    12 |    38 ||    50
